 Dungeon Crawl Stone Soup version 0.30-a0-613-gdd512c7efb (webtiles) character file.

Game seed: 6918824219754788589

78 acebull12 the Caller (level 4, -5/24 HPs)
             Began as a Kobold Summoner on Jan 8, 2023.
             Killed by nerve-wracking pain
             ... invoked by Grinder
              (13 damage)
             ... on level 3 of the Dungeon.
             The game lasted 00:09:09 (2246 turns).

acebull12 the Caller (Kobold Summoner)              Turns: 2246, Time: 00:09:10

Health: -5/24      AC:  2    Str:  5    XL:     4   Next: 61%
Magic:  6/8        EV: 15    Int: 16    God:
Gold:   149        SH:  0    Dex: 19    Spells: 7/8 levels left

rFire   . . .      SeeInvis .    r - +8 hammer of Suicidal Tendencies {flame, Dex+2}
rCold   . . .      Faith    .    (no shield)
rNeg    . . .      Spirit   .    a - +0 robe
rPois   .          Reflect  .    (no helmet)
rElec   .          Harm     .    (no cloak)
rCorr   .          Rampage  .    (no gloves)
Will    +....                    (no boots)
Stlth   ++++                     (no amulet)
HPRegen 0.24/turn                n - ring of willpower
MPRegen 0.11/turn                (no ring)

@: no status effects
A: small, no large weapons, nightstalker 3
a: no special abilities


You were on level 3 of the Dungeon.
You visited 1 branch of the dungeon, and saw 3 of its levels.

You collected 149 gold pieces.

Inventory:

Hand Weapons
 k - a +0 dagger
 r - the +8 hammer of Suicidal Tendencies (weapon) {flame, Dex+2}
   (You found it on level 3 of the Dungeon)

   Dex:       It affects your dexterity (+2).
Armour
 a - a +0 robe (worn)
Jewellery
 h - an amulet of guardian spirit
 n - a ring of willpower (left hand)
Scrolls
 c - 4 scrolls of identify {unknown}
 d - a scroll of immolation {unknown}
 i - 2 scrolls of teleportation {unknown}
 j - 2 scrolls of fog {unknown}
Potions
 b - 2 potions of magic
 e - a potion of resistance {unknown}
 f - a potion of ambrosia {unknown}
 g - a potion of berserk rage {unknown}
 l - a potion of invisibility {unknown}
 m - 2 potions of haste {unknown}
 o - a potion of attraction {unknown}
 p - a potion of degeneration {unknown}
 q - a potion of lignification {unknown}


   Skills:
 + Level 0.2 Short Blades
 * Level 2.8 Dodging
 * Level 3.3 Stealth
 * Level 2.9 Spellcasting
 * Level 5.0 Summonings


You had 7 spell levels left.
You knew the following spells:

 Your Spells              Type           Power      Damage    Failure   Level
a - Summon Small Mammal   Summ           72%        N/A       2%          1

Your spell library contained the following spells:

 Spells                   Type           Power      Damage    Failure   Level
 Call Imp                 Summ           18%        N/A       3%          2
 Call Canine Familiar     Summ           18%        N/A       8%          3
 Summon Guardian Golem    Hex/Summ       10%        N/A       21%         3
 Gell's Gravitas          Tloc           2%         N/A       50%         3
 Teleport Other           Tloc           2%         N/A       50%         3
 Summon Lightning Spire   Summ/Air       10%        N/A       56%         4
 Dispersal                Tloc           1%         N/A       100%        6


Dungeon Overview and Level Annotations

Branches:
Dungeon (3/15)

Altars:

Shops:
D:1 :

Annotations:
D:3 Grinder


Innate Abilities, Weirdness & Mutations

You are small and have problems with some larger weapons.
You are completely attuned to the shadows.


Message History

Grinder is moderately wounded.
Grinder hits you but does no damage. x2
You closely miss Grinder.
Grinder is moderately wounded.
Grinder gestures at you. Pain shoots through your body!
You barely miss Grinder.
Grinder is moderately wounded.
Grinder barely misses you.
You closely miss Grinder.
Grinder is moderately wounded.
Grinder says, "Just stop there for a second..."
Grinder gestures at you. Pain shoots through your body!
Grinder barely misses you.
You closely miss Grinder.
Grinder is moderately wounded.
Grinder hits you.
You writhe in agony.
* * * LOW HITPOINT WARNING * * *
Casting: Summon Small Mammal (safe; 2% risk of failure)
Confirm with . or Enter, or press ? or * to list all spells.
Grinder gestures at you.
You easily resist.
Casting: Summon Small Mammal (safe; 2% risk of failure)
Confirm with . or Enter, or press ? or * to list all spells.
Grinder closely misses you.
You closely miss Grinder.
Grinder is moderately wounded.
Your bat completely misses Grinder.
Grinder gestures at you. You resist with some effort.
Your quokka barely misses Grinder.
Grinder gestures at you. You resist with some effort.
You sock Grinder! You burn Grinder.
Grinder is heavily wounded.
Your bat barely misses Grinder.
Your quokka misses Grinder.
Your quokka barely misses Grinder.
Grinder gestures at you. Pain shoots through your body!
Ouch! That really hurt!
You die...

.... #....? ###
#......
...###......
#.........! ...
###.....b..
...# #..#.@5...
....##.##..r.$.
...†...##......
.##...###......
......# #######
##....##
...#...#
.###.#.# #.#.#


You could see Grinder (ally target), a friendly quokka (summoned) and a friendly
bat (summoned).

Vanquished Creatures
  Crazy Yiuf (D:3)
  A ball python (D:3)
  3 endoplasms
  A quokka (D:1)
  A bat (D:2)
7 creatures vanquished.

Vanquished Creatures (collateral kills)
  An adder (D:2)
  A dart slug (D:1)
  A ball python (D:1)
  5 endoplasms
  2 goblins
  2 hobgoblins (D:1)
  5 quokkas
  3 bats
  4 frilled lizards
  3 rats (D:1)
27 creatures vanquished.

Grand Total: 34 creatures vanquished

Notes
Turn   | Place    | Note
-------+----------+-------------------------------------------
     0 | D:1      | acebull12 the Kobold Summoner began the quest for the Orb.
     0 | D:1      | Reached XP level 1. HP: 10/10 MP: 3/3
   241 | D:1      | Reached XP level 2. HP: 9/15 MP: 1/5
   501 | D:1      | Found Niotyoj's Book Shoppe.
  1039 | D:1      | Reached XP level 3. HP: 19/19 MP: 4/6
  1996 | D:3      | Reached XP level 4. HP: 4/24 MP: 8/8
  2153 | D:3      | Found a runed translucent door.
  2156 | D:3      | Noticed Crazy Yiuf
  2176 | D:3      | Killed Crazy Yiuf
  2177 | D:3      | Reached skill level 5 in Summonings
  2188 | D:3      | Identified the +8 hammer of Suicidal Tendencies {flame,
                  | Dex+2}
  2235 | D:3      | Noticed Grinder
  2246 | D:3      | Killed from afar by Grinder

Illustrated notes

Levels and vault maps discovered:
D:1:      kennysheep_arrival_forest, layout_loops_ring, serial_shops, shop,
          minmay_misc_feat_nine_boxes, st_stairs_4, wad_floor_pattern_2,
          dk_noncrumbling_2, minmay_small_reverse_x
D:2:      layout_rooms
D:3:      layout_rooms, mainiacjoe_overflow_six_doors_small,
          minmay_stone_trees_medium, chequers_serial_rivers_small_a,
          uniq_crazy_yiuf_cottage, uniq_grinder

Skill      XL: |  1  2  3  4 |
---------------+-------------+-----
Stealth        | 3 |  3.3
Summonings     | 5 |  5.0
Short Blades   | |  0.2
Dodging        | |  2.8
Spellcasting   | |  2.9

Action                   |  1- 3 |  4- 6 || total
-------------------------+-------+-------++-------
Melee: Unarmed           |    28 |       ||    28
       Dagger            |    26 |     7 ||    33
       Mace              |       |     7 ||     7
 Cast: Summon Small Mamm |    56 |     5 ||    61
 Stab: Sleeping          |     1 |     1 ||     2
       Distracted        |       |     1 ||     1
Armor: Robe              |     7 |     2 ||     9
Dodge: Dodged            |    49 |     5 ||    54

Table legend: (Time is in decaauts)
 A = Elapsed time spent in this place.
 B = Non-inter-level travel time spent in this place.
 C = Inter-level travel time spent in this place.
 D = Time resting spent in this place.
 E = Time spent auto-exploring this place.
 F = Levels seen in this place.
 G = Mean time per level.
                   A        B        C        D        E       F      G
               +--------+--------+--------+--------+--------+-----+--------+
         Total |   2247 |   2125 |    122 |     97 |   1585 |   3 |  749.0 |
       Dungeon |   2247 |   2125 |    122 |     97 |   1585 |   3 |  749.0 |
               +--------+--------+--------+--------+--------+-----+--------+

Top non-repeatable levels by time:
     D:1: 1315 daAuts
     D:2: 642 daAuts
     D:3: 289 daAuts
